 Dungeon Crawl Stone Soup version 0.19.1 (webtiles) character file.

189 Dfrag the Firebug (level 5, -2/35 HPs)
             Began as a Demonspawn Fire Elementalist on Nov 29, 2016.
             Slain by a gnoll
             ... wielding a +0 spear
              (4 damage)
             ... on level 3 of the Dungeon.
             The game lasted 00:04:03 (1954 turns).

Dfrag the Firebug (Demonspawn Fire Elementalist)    Turns: 1954, Time: 00:04:03

Health: -2/35      AC:  5    Str:  8    XL:     5   Next: 40%
Magic:  1/9        EV: 11    Int: 17    God:
Gold:   138        SH:  0    Dex: 14    Spells: 1 memorised, 9 levels left

rFire  . . .     SeeInvis .     r - +0 scimitar
rCold  . . .     Gourm    .     w - +0 leather armour (curse)
rNeg   . . .     Faith    .     (no shield)
rPois  .         Spirit   .     (no helmet)
rElec  .         Reflect  .     (no cloak)
rCorr  .         Harm     .     (no gloves)
MR     .....                    (no boots)
Stlth  +.........               (no amulet)
                                (no ring)
                                (no ring)

@: very slightly contaminated
A: hooves 2, molten scales 1
a: no special abilities


You were on level 3 of the Dungeon.
You were hungry.

You visited 1 branch of the dungeon, and saw 3 of its levels.

You collected 138 gold pieces.

Inventory:

Hand Weapons
 j - a +0 club
 r - a +0 scimitar (weapon)
Armour
 a - a +0 robe
 w - a cursed +0 leather armour (worn)
Scrolls
 e - 2 scrolls of remove curse {unknown}
 g - 4 scrolls of identify {unknown}
 i - a scroll of random uselessness {unknown}
 l - a scroll of immolation {unknown}
 m - 2 scrolls of blinking {unknown}
 n - a scroll of enchant weapon {unknown}
 o - 2 scrolls of amnesia {unknown}
 p - a scroll of fog {unknown}
 u - a scroll of teleportation {unknown}
 v - a scroll of magic mapping {unknown}
Potions
 d - 2 potions of invisibility {unknown}
 f - 2 potions of flight {unknown}
 k - 2 potions of curing {unknown}
 q - a potion of berserk rage {unknown}
 t - a potion of resistance {unknown}
 x - a potion of heal wounds {unknown}
 z - a potion of mutation {unknown}
 A - a potion of cure mutation {unknown}
 B - a potion of haste {unknown}
Books
 b - a book of Flames

   Spells                             Type                      Level
   a - Flame Tongue                   Conjuration/Fire             1
   b - Throw Flame                    Conjuration/Fire             2
   c - Conjure Flame                  Conjuration/Fire             3
   d - Inner Flame                    Hexes/Fire                   3
   e - Sticky Flame                   Conjuration/Fire             4
   f - Fireball                       Conjuration/Fire             5
Comestibles
 c - 4 bread rations
 h - 9 fruits


   Skills:
 - Level 1.7 Dodging
 - Level 1.7 Stealth
 + Level 3.0 Spellcasting
 + Level 3.2 Conjurations
 + Level 4.1 Fire Magic


You had 9 spell levels left.
You knew the following spells:

 Your Spells              Type           Power        Failure   Level  Hunger
a - Flame Tongue          Conj/Fire      ###..        8%          1    None


Dungeon Overview and Level Annotations

Branches:
Dungeon (3/15)

Altars:


Innate Abilities, Weirdness & Mutations

You have hoof-like feet.
You are partially covered in molten scales. (AC +2)


Message History

Press: ? - help, Shift-Dir - straight line, f - gnoll
Aim: a gnoll, wielding a spear You miscast Flame Tongue.
You are very lightly contaminated with residual magic.
Nothing appears to happen.
The gnoll barely misses you.
Unknown command.
The gnoll misses you.
You barely miss the gnoll. Your kick misses the gnoll.
The gnoll hits you but does no damage. The gnoll closely misses you.
You barely miss the gnoll. You kick the gnoll, but do no damage.
You are feeling hungry.
The gnoll hits you with a spear!
* * * LOW HITPOINT WARNING * * *
You closely miss the gnoll. You kick the gnoll.
The gnoll is lightly wounded.
The gnoll hits you with a spear!
* * * LOW HITPOINT WARNING * * *
The gnoll barely misses you.
The gnoll hits you from afar with a spear.
You die...

#.# #<# #.#
#.# #.# #.#
#.# #.# #.#
#.# #.# #.#
#.# #.# #.#
#.# #.#
#.#########.#
#.#### #.#
#.##........#
#..... #.#
#.##.########
######
#.###.##.#
#.....##@#
########.#
#g# ##.#
#..## #...#
#...#
#..P#+#+#
#...†...#


You could see a gnoll.

Vanquished Creatures
  2 hounds (D:3)
  4 adders
  An ooze (D:2)
  3 worms
  3 dart slugs
  4 leopard geckos
  6 bats
  A giant cockroach (D:1)
  8 goblins
  7 hobgoblins
  10 jackals
  3 frilled lizards
  6 kobolds
  16 rats
74 creatures vanquished.

Notes
Turn   | Place    | Note
-------+----------+-------------------------------------------
     0 | D:1      | Dfrag the Demonspawn Fire Elementalist began the quest for the Orb.
     0 | D:1      | Reached XP level 1. HP: 13/13 MP: 3/3
   102 | D:1      | Gained mutation: You are partially covered in molten scales. (AC +2) [demonic ancestry]
   102 | D:1      | Reached XP level 2. HP: 7/19 MP: 1/5
   103 | D:1      | Reached skill level 3 in Fire Magic
   351 | D:1      | Gained mutation: You have large cloven feet. [demonic ancestry]
   351 | D:1      | Reached XP level 3. HP: 14/24 MP: 4/6
  1202 | D:2      | Reached XP level 4. HP: 29/30 MP: 1/7
  1933 | D:3      | Reached skill level 4 in Fire Magic
  1933 | D:3      | Gained mutation: You have hoof-like feet. [demonic ancestry]
  1933 | D:3      | Reached XP level 5. HP: 27/35 MP: 0/9
  1954 | D:3      | Slain by a gnoll

Skill      XL: |  1  2  3  4  5 |
---------------+----------------+-----
Fire Magic     | 3 4 |  4.1
Conjurations   | 2 3 |  3.2
Spellcasting   | 3 |  3.0
Dodging        | |  1.7
Stealth        | |  1.7

Action                   |  1- 3 |  4- 6 || total
-------------------------+-------+-------++-------
Melee: Unarmed           |    38 |       ||    38
       Club              |    41 |       ||    41
       Kick              |     2 |    11 ||    13
       Scimitar          |     1 |    21 ||    22
 Cast: Flame Tongue      |    66 |    47 ||   113
  Use: Potion            |       |     1 ||     1
  Eat: Chunk             |     2 |     2 ||     4
Armor: Robe              |    26 |     4 ||    30
       Leather armour    |       |    24 ||    24
Dodge: Dodged            |    96 |    41 ||   137
       Rpst.: Scimitar   |     2 |    10 ||    12
